 Dungeon Crawl Stone Soup version 0.21.0 (webtiles) character file.

121 Esekla the Magician (level 4, -4/25 HPs)
             Began as a Deep Elf Wanderer on Jan 7, 2018.
             Slain by a mummy (12 damage)
             ... in an ossuary.
             The game lasted 00:53:53 (3424 turns).

Esekla the Magician (Deep Elf Wanderer)             Turns: 3424, Time: 00:53:53

Health: -4/25      AC:  4    Str:  7    XL:     4   Next: 76%
Magic:  8/10       EV: 12    Int: 18    God:
Gold:   108        SH:  0    Dex: 16    Spells: 2/8 levels left

rFire    + . .     SeeInvis .   i - +0 dagger
rCold    + . .     Gourm    .   (no shield)
rNeg     + . .     Faith    .   d - +0 robe
rPois    .         Spirit   .   b - +2 hat
rElec    .         Reflect  .   f - scarf {rC+ rF+}
rCorr    .         Harm     .   (no gloves)
MR       .....                  (no boots)
Stlth    +.........             (no amulet)
HPRegen  0.08/turn              n - ring of loudness (curse)
MPRegen  0.12/turn              k - ring of positive energy (curse)

@: about to teleport
A: no striking features
a: no special abilities


You were in an ossuary.
You were hungry.

You visited 1 branch of the dungeon, and saw 4 of its levels.
You also visited: Ossuary.

You collected 108 gold pieces.

Inventory:

Hand Weapons
 g - a +0 blowgun
 i - a +0 dagger (weapon)
 l - a +0 spear of freezing
Missiles
 e - 232 stones (quivered)
 m - 6 poisoned needles
Armour
 b - a +2 hat (worn)
 d - a +0 robe (worn)
 f - a scarf of resistance (worn)
 p - a +1 helmet
Jewellery
 k - a cursed ring of positive energy (right hand)
 n - a cursed ring of loudness (left hand)
 q - an uncursed amulet of rage
Scrolls
 o - a scroll of enchant armour
Potions
 c - 2 potions of curing
 h - a potion of haste {unknown}
 j - 2 potions of mutation
 s - 2 potions of agility {unknown}
 u - 2 potions of magic {unknown}
 v - a potion of resistance {unknown}
Books
 a - a book of Minor Magic

   Spells                             Type                      Level
   a - Magic Dart                     Conjuration                  1
   b - Blink                          Translocation                2
   c - Call Imp                       Summoning                    2
   d - Slow                           Hexes                        2
   e - Conjure Flame                  Conjuration/Fire             3
   f - Mephitic Cloud                 Conjuration/Poison/Air       3
Comestibles
 t - 2 rations


   Skills:
 - Level 1.5 Fighting
 * Level 1.7 Short Blades
 - Level 1.0 Polearms
 + Level 1.8 Dodging
 - Level 1.8 Stealth
   Level 1.5 Shields
 + Level 2.9 Spellcasting
 * Level 2.2 Conjurations
   Level 1.5 Charms
 * Level 1.4 Translocations
   Level 1.1 Ice Magic
 * Level 0.7 Air Magic
 * Level 1.0 Poison Magic


You had 2 spell levels left.
You knew the following spells:

 Your Spells              Type           Power        Failure   Level  Hunger
a - Magic Dart            Conj           ##..         7%          1    None
b - Blink                 Tloc           N/A          14%         2    ##.....
c - Mephitic Cloud        Conj/Pois/Air  #.......     28%         3    ###....


Dungeon Overview and Level Annotations

Branches:
Dungeon (4/15)
 Temple: D:4-7

Altars:

Shops:
D:4 *

Annotations:
D:4 Skimidon's ghost, amateur HOFi


Message History

As you read the scroll of teleportation, it crumbles to dust.
You feel strangely unstable.
You hit the human zombie but do no damage.
The human zombie closely misses you.
Casting: Magic Dart
Confirm with . or Enter, or press ? or * to list all spells.
Aiming: Magic Dart
Press: ? - help, Shift-Dir - straight line, f - mummy
Aim: a mummy The magic dart hits the mummy.
A spear hits the rat zombie!
The human zombie hits you.
Casting: Magic Dart
Confirm with . or Enter, or press ? or * to list all spells.
Aiming: Magic Dart
Press: ? - help, Shift-Dir - straight line, f - human zombie, p - mummy
Aim: a human zombie The magic dart hits the human zombie.
The human zombie is lightly damaged.
The mummy hits you!
You die...

#.................
#.M...............
#.....##..........
#.....##..........
#.................
#Z.Z..Z.........
####.........###
#.M#Z..........
#@ZZZ..........∩
################


You could see 2 mummies, 2 rat zombies, a goblin zombie, a gnoll zombie, a
kobold zombie, an orc zombie and a human zombie.

Vanquished Creatures
  An orc wizard (D:4)
  A hound skeleton (D:4)
  An adder (D:2)
  An adder zombie (Ossuary)
  A worm (D:2)
  3 dart slugs
  2 leopard geckos (D:1)
  3 orcs
  2 giant cockroaches (D:1)
  6 goblins
  3 hobgoblins
  12 jackals
  A quokka (D:3)
  4 bats
  5 frilled lizards
  A jackal zombie (Ossuary)
  3 kobolds
  7 rats
57 creatures vanquished.

Vanquished Creatures (others)
  A rat zombie (Ossuary)
1 creature vanquished.

Grand Total: 58 creatures vanquished

Notes
Turn   | Place    | Note
-------+----------+-------------------------------------------
     0 | D:1      | Esekla the Deep Elf Wanderer began the quest for the Orb.
     0 | D:1      | Esekla set off with: a book of Minor Magic, a +0 spear, a potion of curing, a +0 robe, a ration
     0 | D:1      | Reached XP level 1. HP: 12/12 MP: 5/5
     2 | D:1      | Learned a level 1 spell: Magic Dart
   158 | D:1      | Reached skill level 1 in Conjurations
   243 | D:1      | Reached XP level 2. HP: 15/16 MP: 5/7
   303 | D:1      | Learned a level 2 spell: Blink
   716 | D:1      | Reached XP level 3. HP: 16/20 MP: 2/8
   721 | D:1      | Learned a level 3 spell: Mephitic Cloud
   913 | D:1      | Reached skill level 1 in Translocations
  1881 | D:2      | Reached skill level 1 in Short Blades
  1909 | D:2      | You fall through a shaft!
  2014 | D:2      | Reached XP level 4. HP: 23/25 MP: 2/10
  2837 | D:4      | Noticed Skimidon's ghost (amateur HOFi)
  2927 | D:4      | Reached skill level 1 in Poison Magic
  3163 | D:4      | Found Ferisol's Assorted Antiques.
  3277 | D:4      | Found a sand-covered staircase.
  3283 | Ossuary  | Entered an ossuary
  3424 | Ossuary  | Slain by a mummy

Skill      XL: |  1  2  3  4 |
---------------+-------------+-----
Conjurations   | 1 2 |  2.2
Spellcasting   | 2 |  2.9
Translocations | 1 |  1.4
Short Blades   | 1 |  1.7
Poison Magic   | 1 |  1.0
Fighting       | |  1.5
Polearms       | |  1.0
Dodging        | |  1.8
Stealth        | |  1.8
Shields        | |  1.5
Charms         | |  1.5
Ice Magic      | |  1.1
Air Magic      | |  0.7

Action                   |  1- 3 |  4- 6 || total
-------------------------+-------+-------++-------
Melee: Spear             |    25 |       ||    25
       Dagger            |   104 |    69 ||   173
Throw: Stone             |     2 |     6 ||     8
 Cast: Magic Dart        |    86 |    22 ||   108
       Mephitic Cloud    |       |     1 ||     1
  Use: Potion            |     3 |     2 ||     5
       Scroll            |     2 |    11 ||    13
 Stab: Sleeping          |     3 |       ||     3
  Eat: Ration            |     1 |       ||     1
       Chunk             |       |     5 ||     5
Armor: Robe              |    44 |    11 ||    55
       Skin              |       |    26 ||    26
Dodge: Dodged            |   104 |    42 ||   146
